Map: Pillars of Gold LE

Players

ByuN - Winner!

  • Race: Terran Terran
  • Spawn Location: 1:00

Stats

  • Race: Protoss Protoss
  • League: Grandmaster
  • Spawn Location: 7:00

Event: ASUS ROG Online 2020

VOD

Have the link to the VOD?

Description

Time

  • Played on: Nov. 27, 2020, 3:21 p.m.
  • Length: 10:11

All games in this series

Show
View Real Time Build Order
Export as new Build Order

ByuN Terran - Winner!

Build Orders:  

Get SALT Encoding   

  12  0:00  SCV  
  13  0:12  SCV  
  14  0:17  Supply Depot  
  14  0:24  SCV  
  15  0:39  Barracks, SCV  
  16  0:44  Refinery  
  16  0:51  SCV  
  17  1:03  SCV  
  18  1:15  SCV  
  19  1:26  Barracks Reactor  
  19  1:27  Orbital Command  
  19  1:47  Command Center  
  19  1:52  SCV  
  20  1:56  Supply Depot  
  20  2:01  Marine  
  20  2:02  Marine  
  20  2:06  SCV  
  23  2:15  Factory  
  23  2:19  Marine  
  23  2:21  Marine  
  25  2:23  SCV  
  26  2:31  Refinery  
  26  2:35  SCV  
  27  2:39  Marine x2  
  29  2:47  SCV  
  30  2:59  Starport  
  30  3:00  SCV  
  30  3:01  Factory Tech Lab  
  33  3:07  Orbital Command  
  33  3:08  Marine  
  33  3:10  Marine  
  33  3:12  SCV  
  34  3:24  SCV  
  34  3:26  Marine  
  34  3:27  Factory Tech Lab  
  36  3:28  Marine  
  37  3:36  SCV  
  37  3:37  SCV  
  37  3:38  Supply Depot  
  37  3:41  Raven  
  41  3:45  Barracks  
  41  3:46  Marine x2  
  44  3:51  SCV  
  44  3:52  SCV  
  45  4:00  Supply Depot, Siege Tank  
  48  4:04  SCV  
  48  4:05  SCV  
  48  4:07  Marine  
  48  4:08  Marine  
  52  4:13  Refinery  
  54  4:18  SCV  
  54  4:19  SCV  
  54  4:24  Barracks  
  54  4:27  Marine x2  
  54  4:31  SCV x2  
  58  4:36  Engineering Bay  
  58  4:38  Supply Depot  
  58  4:40  Marine  
  58  4:41  Stimpack  
  58  4:43  SCV  
  58  4:45  SCV  
  61  4:52  Supply Depot  
  61  4:54  Marine  
  64  5:00  Marauder, SCV x2  
  64  5:03  Supply Depot  
  64  5:04  Terran Infantry Weapons Level 1  
  66  5:10  Starport Reactor, Factory Reactor  
  66  5:11  Marine  
  66  5:12  SCV x2  
  69  5:15  Refinery  
  69  5:19  Marauder  
  71  5:21  Marauder  
  71  5:24  Supply Depot  
  71  5:26  SCV x2  
  75  5:29  Marine x2  
  75  5:32  Combat Shield  
  77  5:38  SCV x2  
  77  5:42  Marauder  
  81  5:43  Marauder  
  81  5:47  Supply Depot  
  81  5:48  Medivac x2  
  87  5:50  Marine  
  87  5:51  Marine  
  87  5:54  Widow Mine  
  87  5:56  Widow Mine  
  93  6:03  Supply Depot  
  93  6:09  Marauder x2, Marine  
  93  6:11  Marine  
  99  6:12  Supply Depot  
  99  6:21  Concussive Shells  
  99  6:24  Medivac x2  
  103  6:32  Marine x2  
  105  6:33  Marauder x2  
  105  6:37  Supply Depot  
  109  6:40  Supply Depot  
  109  6:41  Widow Mine x2  
  113  6:50  Marine x2  
  117  6:54  Marauder  
  117  6:58  Terran Infantry Armor Level 1  
  117  6:59  Marauder  
  117  7:00  Supply Depot  
  118  7:08  Marine x2  
  112  7:11  Widow Mine x2  
  112  7:12  Medivac x2  
  124  7:15  Marauder  
  124  7:20  Marauder  
  126  7:26  Marine x2  
  129  7:37  Marauder  
  129  7:41  Widow Mine x2  
  129  7:42  Marauder  
  129  7:44  Marine x2  
  117  7:58  Marauder  
  117  8:01  Command Center, Marine x2  
  117  8:02  Widow Mine  
  117  8:03  Marauder, Widow Mine  
  117  8:05  Medivac  
  127  8:08  Medivac  
  129  8:19  Marine  
  128  8:20  Marauder  
  128  8:24  Marauder  
  128  8:25  Marine  
  125  8:30  Widow Mine  
  126  8:34  Barracks  
  126  8:36  Barracks  
  126  8:37  Marine  
  125  8:41  Marauder  
  125  8:46  Medivac x2, Marauder, SCV  
  125  8:47  SCV  
  131  8:52  Marine  
  131  8:55  Marine  
  125  9:02  Marauder  
  125  9:03  Widow Mine  
  125  9:04  SCV x2  
  125  9:07  Marauder  
  121  9:14  SCV  
  121  9:16  SCV x2  
  106  9:24  Marauder  
  100  9:25  Widow Mine  
  100  9:26  SCV  
  100  9:27  Marine  
  100  9:28  SCV  
  100  9:29  Barracks Reactor, Marauder  
  100  9:31  SCV  
  105  9:34  Barracks Tech Lab  
  105  9:42  Marine  
  105  9:45  Marauder  
  105  9:50  Marauder, Widow Mine  
Show
View Real Time Build Order
Export as new Build Order

Stats Protoss 

Build Orders: 1 Gate Expand, Blink Stalkers, Colossus Rush 

Get SALT Encoding   

  12  0:00  Probe  
  13  0:12  Probe  
  14  0:19  Pylon  
  14  0:24  Probe  
  15  0:38  Probe (Chrono Boost)  
  15  0:39  Gateway  
  16  0:46  Probe (Chrono Boost)  
  16  0:49  Assimilator  
  17  0:52  Probe  
  19  1:04  Probe  
  19  1:16  Probe  
  20  1:26  Cybernetics Core  
  20  1:35  Nexus  
  20  1:38  Probe  
  21  1:47  Pylon  
  21  1:52  Assimilator  
  21  1:54  Probe  
  22  2:02  Adept (Chrono Boost)  
  22  2:07  Shield Battery  
  24  2:11  Probe  
  24  2:14  Warp Gate  
  25  2:23  Probe  
  25  2:27  Stalker  
  27  2:35  Probe (Chrono Boost)  
  28  2:39  Twilight Council  
  29  2:45  Probe (Chrono Boost)  
  29  2:49  Probe (Chrono Boost)  
  30  2:56  Probe x2 (Chrono Boost)  
  32  3:01  Probe (Chrono Boost)  
  32  3:03  Probe  
  34  3:08  Robotics Facility  
  34  3:14  Probe  
  34  3:15  Probe  
  36  3:20  Blink  
  36  3:26  Probe (Chrono Boost)  
  37  3:30  Gateway  
  37  3:32  Probe (Chrono Boost)  
  38  3:38  Probe (Chrono Boost)  
  38  3:41  Shield Battery  
  40  3:42  Probe (Chrono Boost)  
  40  3:43  Assimilator, Probe (Chrono Boost)  
  41  3:53  Probe (Chrono Boost)  
  41  3:54  Assimilator  
  43  3:56  Pylon  
  43  3:57  Probe (Chrono Boost), Observer  
  43  4:02  Probe (Chrono Boost)  
  45  4:05  Probe (Chrono Boost)  
  46  4:14  Stalker, Probe  
  46  4:15  Pylon  
  46  4:16  Probe  
  50  4:22  Pylon, Observer  
  51  4:25  Stalker  
  51  4:26  Probe  
  54  4:33  Probe  
  55  4:39  Nexus  
  55  4:42  Pylon  
  57  4:49  Robotics Bay  
  57  4:52  Stalker  
  57  4:54  Stalker  
  57  4:58  Probe x2  
  61  5:10  Probe x2  
  63  5:14  Pylon  
  63  5:18  Forge  
  63  5:22  Probe  
  63  5:23  Probe  
  63  5:24  Sentry x2  
  69  5:32  Colossus (Chrono Boost)  
  69  5:35  Probe x2  
  71  5:36  Extended Thermal Lance  
  71  5:39  Protoss Ground Weapons Level 1 (Chrono Boost)  
  77  5:43  Gateway  
  77  5:45  Gateway  
  77  5:48  Probe x2  
  79  5:51  Probe  
  80  6:00  Probe x2  
  80  6:03  Probe  
  83  6:07  Charge  
  83  6:11  Colossus (Chrono Boost)  
  83  6:15  Gateway, Probe  
  83  6:16  Gateway  
  83  6:17  Observer  
  90  6:19  Pylon  
  90  6:25  Shield Battery  
  90  6:26  Shield Battery  
  90  6:31  Stalker  
  90  6:32  Sentry  
  94  6:40  Probe  
  94  6:41  Probe x2  
  94  6:44  Stalker x2, Photon Cannon  
  101  6:49  Gateway  
  101  6:51  Gateway  
  101  6:52  Pylon  
  101  6:56  Pylon  
  101  6:57  Zealot x2  
  104  7:09  Zealot x2  
  104  7:13  Zealot x2  
  112  7:16  Colossus  
  118  7:25  Pylon x2  
  118  7:26  Pylon  
  116  7:39  Zealot x2  
  116  7:40  Zealot x4  
  118  7:45  Protoss Ground Armor Level 1  
  118  7:47  Stalker  
  118  7:48  Stalker  
  118  7:58  Forge  
  116  8:02  Assimilator  
  116  8:04  Probe x3  
  119  8:06  Assimilator  
  119  8:10  Warp Prism  
  119  8:12  Templar Archives  
  121  8:14  Stalker x3  
  121  8:16  Probe x3  
  120  8:27  Stalker x2  
  120  8:29  Zealot x3  
  120  8:43  Zealot x2  
  120  8:44  Zealot  
  124  8:51  Zealot, High Templar x3, Nexus  
  124  8:52  Pylon, High Templar  
  124  8:53  Observer  
  135  8:58  Archon  
  129  9:05  Zealot x3  
  105  9:17  Zealot, Colossus (Chrono Boost)  
  89  9:24  Zealot x4  
  89  9:25  Zealot x3  
  94  9:37  Stalker  
  90  9:45  Stalker x4  
  83  9:46  Stalker  
  83  9:48  Zealot  
  83  9:51  Zealot  
Tags
 
Add a new tag
Caveats
  • Supply blocks, unpowered buildings, or Contaminate may cause inaccurate times.
  • Supply counts are checked every 10 seconds.